 Dungeon Crawl Stone Soup version 0.31-a0-187-gba352fbbf7 (webtiles) character file.

Game seed: 17829479491722403901

109 qw the Skirmisher (level 4, -4/25 HPs)
             Began as a Deep Elf Hunter on June 22, 2023.
             Slain by Edmund
             ... wielding a +3 dire flail of protection
              (13 damage)
             ... on level 4 of the Dungeon.
             The game lasted 00:00:52 (2387 turns).

qw the Skirmisher (Deep Elf Hunter)                 Turns: 2387, Time: 00:00:52

Health: -4/25      AC:  8    Str: 16    XL:     4   Next: 60%
Magic:  6/6        EV: 11    Int: 14    God:
Gold:   189        SH:  0    Dex: 18    Spells: 3/3 levels left

rFire   . . .        Y - +1 shortbow (freeze)
rCold   . . .        (shield currently unavailable)
rNeg    . . .        e - +0 ring mail
rPois   .            a - +0 helmet
rElec   .            (no cloak)
rCorr   .            j - +1 pair of gloves
SInv    .            (no boots)
Will    .....        (no amulet)
Stlth   +            n - +6 ring of strength
HPRegen 0.24/turn    (no ring)
MPRegen 0.10/turn

%: no passive effects
@: no status effects
A: no striking features
a: no special abilities


You were on level 4 of the Dungeon.
You visited 1 branch of the dungeon, and saw 4 of its levels.

You collected 216 gold pieces.
You spent 27 gold pieces at shops.


   Skills:
 - Level 1.5 Fighting
 + Level 8.0 Ranged Weapons
 - Level 2.4 Dodging
 - Level 1.2 Stealth


You had 3 spell levels left.
You didn't know any spells.
Your spell library was empty.

Inventory:

Hand Weapons
 Y - a +1 shortbow of freezing (weapon)
Armour
 a - a +0 helmet (worn)
 e - a +0 ring mail (worn)
 j - a +1 pair of gloves (worn)
Jewellery
 c - a ring of fire
 n - a +6 ring of strength (left hand)
Scrolls
 d - a scroll of vulnerability {unknown}
 f - 3 scrolls of teleportation
 l - a scroll of identify
Potions
 b - a potion of invisibility {unknown}
 i - a potion of curing {unknown}
 k - a potion of mutation {unknown}

Dungeon Overview and Level Annotations

Branches:
Dungeon (4/15)
 Temple: D:4-7

Altars:

Shops:
D:1 !:[*?

Annotations:
D:4 Edmund, Natasha


Message History

You see here an orb of light.
A quokka comes into view.
You shoot an arrow. The arrow hits the quokka.
The arrow freezes the quokka.
The quokka is heavily wounded.
You shoot an arrow. The arrow hits the quokka.
The arrow freezes the quokka.
You kill the quokka!
d - a scroll labelled LACZEU HUXZAU
Found a stone staircase leading up.
A goblin comes into view. It is wielding a +0 dagger.
You shoot an arrow. The goblin shouts!
The arrow hits the goblin!
The arrow freezes the goblin.
You kill the goblin!
You hear a shout!
You hear an angry hiss.
Edmund the Younger comes into view.
He is wielding a +3 dire flail of protection, wearing a +3 chain mail of cold resistance and carrying a wand of flame (20).
You shoot an arrow. The arrow barely misses Edmund.
Edmund zaps a wand.
The puff of flame hits you.
Natasha, Servant of Life and Death comes into view.
She is carrying a wand of polymorph (9).
You shoot an arrow. The arrow barely misses Edmund.
You shoot an arrow. The arrow barely misses Edmund.
Edmund hits you with a +3 dire flail of protection.
Natasha barely misses you.
You shoot an arrow. The arrow hits Edmund!
The arrow freezes Edmund.
Edmund is moderately wounded.
A goblin comes into view. It is wielding a +0 dagger.
Edmund hits you with a +3 dire flail of protection!
Natasha mumbles some strange words.
You shoot an arrow. The arrow closely misses Edmund.
Natasha claws you.
Edmund zaps a wand.
The puff of flame hits you. The cerulean imp closely misses you.
You shoot an arrow. The arrow hits Edmund.
The arrow freezes Edmund.
Edmund is moderately wounded.
Edmund closely misses you. Natasha claws you.
The cerulean imp hits you but does no damage.
A dart slug comes into view.
You shoot an arrow. The arrow closely misses Edmund.
Natasha closely misses you.
Edmund hits you with a +3 dire flail of protection!
Ouch! That really hurt!
You die...

##..## #..#
#....#
#)..#
#...##
#.###
#..#####.##
#.........#
#.#.#....##
#.#......#
#.###.5.##
#. ##@##
#....@h#
######gw
####


You could see Edmund, Natasha, a cerulean imp (summoned), a dart slug and a
goblin.

Vanquished Creatures
  4 adders
  2 worms
  An orc (D:3)
  8 endoplasms
  2 giant cockroaches (D:1)
  6 goblins
  6 hobgoblins
  2 jackals (D:1)
  7 quokkas
  5 ball pythons
  5 bats
  3 frilled lizards
  5 kobolds
  10 rats
66 creatures vanquished.

Notes
Turn   | Place    | Note
-------+----------+-------------------------------------------
     0 | D:1      | qw the Deep Elf Hunter began the quest for the Orb.
     0 | D:1      | Reached XP level 1. HP: 12/12 MP: 3/3
     0 | D:1      | 0 ||| qw: Version: 0.3-a-9-g12657ce
     0 | D:1      | 0 ||| qw: Game counter: 2386
     0 | D:1      | 0 ||| qw: Always use a shield: true
     0 | D:1      | 0 ||| qw: God list: Okawaru
     0 | D:1      | 0 ||| qw: Allow faded altars: false
     0 | D:1      | 0 ||| qw: Do Orc after D:15 true
     0 | D:1      | 0 ||| qw: Do second Lair branch before Depths: true
     0 | D:1      | 0 ||| qw: Lair rune preference: random
     0 | D:1      | 0 ||| qw: Plans: Normal
     0 | D:1      | 0 ||| PLANNING D:1-11
   247 | D:1      | Reached XP level 2. HP: 16/16 MP: 4/4
   336 | D:1      | Found Toatuiwn's Book Shop.
   348 | D:1      | Reached skill level 6 in Ranged Weapons
   348 | D:1      | 348 ||| UPGRADING to +0 scale mail.
   358 | D:1      | 358 ||| DROPPING +0 leather armour.
   359 | D:1      | 359 ||| UPGRADING to +0 ring mail.
   369 | D:1      | 369 ||| DROPPING +0 scale mail.
   405 | D:1      | Found Woocs's Distillery.
   415 | D:1      | 415 ||| SHOPLISTING 2 potions of heal wounds (110 gold,
                  | have 22).
   415 | D:1      | 415 ||| SHOPLISTING potion of haste (110 gold, have 22).
   415 | D:1      | 415 ||| SHOPLISTING potion of heal wounds (55 gold, have
                  | 22).
   507 | D:1      | Found Wugadgh's Assorted Antiques.
   511 | D:1      | 511 ||| SHOPLISTING blackened silver amulet (135 gold, have
                  | 36).
   511 | D:1      | 511 ||| SHOPLISTING pair of runed gloves (202 gold, have
                  | 36).
   511 | D:1      | 511 ||| SHOPLISTING polished scale mail (243 gold, have
                  | 36).
   511 | D:1      | 511 ||| SHOPLISTING ring of fire (675 gold, have 36).
   511 | D:1      | 511 ||| BUYING scroll labelled SAITTAMNIOLA (27 gold).
   511 | D:1      | Bought a scroll labelled SAITTAMNIOLA for 27 gold pieces
   647 | D:1      | 647 ||| UPGRADING to +0 pair of gloves.
   748 | D:1      | Found Onamyxergh's Magic Scroll Boutique.
   751 | D:1      | 751 ||| SHOPLISTING scroll of enchant armour (105 gold,
                  | have 18).
   751 | D:1      | 751 ||| SHOPLISTING scroll of identify (28 gold, have 18).
   751 | D:1      | 751 ||| SHOPLISTING scroll of teleportation (42 gold, have
                  | 18).
   913 | D:1      | Found Kiyfaon's Armour Shoppe.
   921 | D:1      | 921 ||| SHOPLISTING +7 scale mail of Untruth {rC+ Will+
                  | Str+6 Dex-4} (816 gold, have 18).
   954 | D:1      | 954 ||| READING scroll labelled SAITTAMNIOLA.
   955 | D:1      | 955 ||| READING 2 scrolls labelled FEX DOITUBI.
   959 | D:1      | 959 ||| READING scroll labelled SIRROM PESE.
   960 | D:1      | 960 ||| READING scroll labelled ZAIQEC JUAGH.
   961 | D:1      | 961 ||| DROPPING scroll of butterflies.
  1004 | D:2      | Reached XP level 3. HP: 20/20 MP: 5/5
  1186 | D:2      | Reached skill level 7 in Ranged Weapons
  1341 | D:2      | 1341 ||| FLEEEEING.
  1396 | D:2      | Found a faded altar of an unknown god.
  1407 | D:2      | Reached XP level 4. HP: 25/25 MP: 6/6
  1457 | D:2      | 1457 ||| UPGRADING to +6 ring of strength.
  1458 | D:2      | 1458 ||| READING scroll labelled XETIESK XEREP.
  1459 | D:2      | 1459 ||| READING 2 scrolls labelled BERRUENYCK.
  1460 | D:2      | 1460 ||| READING scroll of enchant armour.
  1460 | D:2      | 1460 ||| ENCHANTING +0 pair of gloves.
  1461 | D:2      | 1461 ||| READING scroll labelled YFAMUD SOJEXZA.
  1462 | D:2      | 1462 ||| READING scroll labelled USTREDI DODOG.
  1463 | D:2      | 1463 ||| READING scroll labelled ZAMAOZ RO DILATS.
  1464 | D:2      | 1464 ||| READING 2 scrolls of identify.
  1464 | D:2      | 1464 ||| IDENTIFYING viscous green potion
  1465 | D:2      | 1465 ||| DROPPING potion of lignification.
  2064 | D:3      | Reached skill level 8 in Ranged Weapons
  2267 | D:3      | 2267 ||| UPGRADING to +0 helmet.
  2380 | D:4      | Noticed Edmund
  2381 | D:4      | Noticed Natasha
  2387 | D:4      | Slain by Edmund

Levels and vault maps discovered:
D:1:      saegor_arrival_miasma, layout_basic, serial_shops,
          nicolae_shop_back_alley_shop, shop, nicolae_shop_peninsula,
          nicolae_shop_rolled_up, nicolae_shop_temple_entry_statues_fountains,
          hangedman_abyss_or_decor_lesser_grid
D:2:      layout_rooms, nicolae_ecumenical_pavilion, kennysheep_generic_room_13
D:3:      layout_basic, nrook_campfire, feat_on_display
D:4:      minmay_skewed_foursquare, layout_loops_ring,
          gammafunk_ghost_nasty_kobolds, minmay_cut_off, uniq_edmund,
          uniq_natasha

Skill      XL: |  1  2  3  4 |
---------------+-------------+-----
Ranged Weapons | 6 7 8 |  8.0
Fighting       | |  1.5
Dodging        | |  2.4
Stealth        | |  1.2

Action                     |  1- 3 |  4- 6 || total
---------------------------+-------+-------++-------
   Fire: Shortbow          |   109 |    48 ||   157
    Use: Scroll            |     4 |     7 ||    11
 Armour: Leather armour    |     1 |       ||     1
         Ring mail         |    16 |     2 ||    18
  Dodge: Dodged            |    25 |     6 ||    31

Table legend:
 A = Non-vault XP
 B = Vault XP
 C = Vault XP percentage of total XP
 D = Non-vault monster count
 E = Vault monster count
 F = Vault count percentage of total count
                 A         B        C        D         E       F
            +---------+---------+-------+---------+---------+-------
      Total |     155 |       2 |   1.3 |      65 |       1 |   1.5
            +---------+---------+-------+---------+---------+-------
        D:1 |      38 |       0 |   0.0 |      23 |       0 |   0.0
        D:2 |      59 |       2 |   3.3 |      20 |       1 |   4.8
        D:3 |      54 |       0 |   0.0 |      20 |       0 |   0.0
        D:4 |       4 |       0 |   0.0 |       2 |       0 |   0.0
            +---------+---------+-------+---------+---------+-------
